 Dungeon Crawl Stone Soup version 0.20.0 (webtiles) character file.

378 Danakh the Chopper (level 6, -4/48 HPs)
             Began as a Demonspawn Fighter on May 29, 2017.
             Was a Follower of Dithmenos.
             Slain by a wraith (7 damage)
             ... in an ossuary.
             The game lasted 00:08:14 (1776 turns).

Danakh the Chopper (Demonspawn Fighter)             Turns: 1776, Time: 00:08:14

Health: -4/48      AC: 12    Str: 19    XL:     6   Next: 45%
Magic:  0/7        EV:  3    Int:  9    God:    Dithmenos [*.....]
Gold:   54         SH:  9    Dex: 12    Spells: 5/5 levels left

rFire    . . .     SeeInvis .   a - +0 war axe
rCold    . . .     Gourm    .   c - +0 shield
rNeg     . . .     Faith    .   p - +0 plate armour
rPois    .         Spirit   +   (no helmet)
rElec    .         Reflect  .   (no cloak)
rCorr    +         Harm     .   l - +0 pair of gloves
MR       .....                  (no boots)
Stlth    ..........             (no amulet)
Regen    0.2/turn               m - ring of resist corrosion
MPRegen  0.2/turn               (no ring)

@: slowed, wreathed by umbra, very slow
A: magic shield, magic regeneration
a: Renounce Religion


You were in an ossuary.
You worshipped Dithmenos.
Dithmenos was aware of your devotion.
You were not hungry.

You visited 1 branch of the dungeon, and saw 4 of its levels.
You also visited: Ossuary.

You collected 54 gold pieces.

Inventory:

Hand Weapons
 a - a +0 war axe (weapon)
Armour
 c - a +0 shield (worn)
 l - a +0 pair of gloves (worn)
 p - a +0 plate armour (worn)
Jewellery
 m - a ring of resist corrosion (left hand)
Scrolls
 b - a scroll of magic mapping {unknown}
 g - 3 scrolls of teleportation {unknown}
 i - 7 scrolls of remove curse {unknown}
 j - a scroll of identify {unknown}
 n - a scroll of noise {unknown}
Potions
 d - a potion of might
 e - a potion of lignification {unknown}
 f - a potion of heal wounds {unknown}
 h - 2 potions of magic {unknown}
 o - 4 potions of curing {unknown}


   Skills:
 + Level 4.0 Fighting
 * Level 4.0 Axes
 + Level 3.5 Armour
 + Level 1.8 Stealth
 + Level 3.5 Shields
 + Level 2.0 Invocations


You had 5 spell levels left.
You didn't know any spells.

Dungeon Overview and Level Annotations

Branches:
Dungeon (4/15)             Temple (0/1) D:4

Altars:
Dithmenos
Fedhas
Qazlal

Annotations:
D:4 Danakh's ghost, amateur DsFi


Innate Abilities, Weirdness & Mutations

When hurt, damage is shared between your health and your magic reserves.
You regenerate magic rapidly.


Message History

The wraith drains your vigour!
You feel as though you will be slow longer.
You closely miss the wraith.
The wraith is severely damaged.
The wraith hits you!
* * * LOW HITPOINT WARNING * * *
You block the wraith's attack.
You hit the wraith.
The wraith is almost destroyed.
You block the wraith's attack. x2
You hit the wraith.
The wraith is almost destroyed.
You block the wraith's attack. The wraith hits you.
* * * LOW HITPOINT WARNING * * *
The wraith drains your vigour!
You feel as though you will be slow longer.
You closely miss the wraith.
The wraith is almost destroyed.
The wraith hits you!
You die...

... .... .. #..# .. #.
...# ...8... #.
###..####.....####.
..................
........# #......
####.......# #...... #.
#?W@...8...# #...8..
#..####.......###......
#......................
#........#.#..#.#..#.#.
..####..#'#..#'#..#'#.
. #.'.^.#.#..#.#..#.#.
.####..###..###..###.
......................
......................


You could see a wraith.

Vanquished Creatures
  Eustachio (D:4)
  Menkaure (D:4)
  A worker ant (D:4)
  A mummy (Ossuary)
  2 adders
  A gnoll (D:1)
  An ooze (D:2)
  A worm (D:1)
  3 leopard geckos
  2 ball pythons (D:1)
  A giant cockroach (D:1)
  4 goblins
  5 hobgoblins (D:1)
  2 kobolds (D:1)
  9 bats
  3 frilled lizards (D:1)
  3 goblin zombies (Ossuary)
  A jackal skeleton (D:4)
  2 kobold zombies (Ossuary)
  An orc zombie (Ossuary)
  7 rats
52 creatures vanquished.

Vanquished Creatures (others)
  A quokka (D:4)
1 creature vanquished.

Grand Total: 53 creatures vanquished

Notes
Turn   | Place    | Note
-------+----------+-------------------------------------------
     0 | D:1      | Danakh the Demonspawn Fighter began the quest for the Orb.
     0 | D:1      | Reached XP level 1. HP: 18/18 MP: 1/1
    72 | D:1      | Gained mutation: When hurt, damage is shared between your health and your magic reserves. [demonic ancestry]
    72 | D:1      | Reached XP level 2. HP: 8/24 MP: 2/2
   386 | D:1      | Gained mutation: You regenerate magic rapidly. [demonic ancestry]
   386 | D:1      | Reached XP level 3. HP: 19/29 MP: 3/3
  1088 | D:2      | Found a faded altar of an unknown god.
  1092 | D:2      | Became a worshipper of Dithmenos the Shadowed
  1092 | D:2      | Reached * piety under Dithmenos
  1202 | D:2      | Reached XP level 4. HP: 32/35 MP: 4/4
  1212 | D:2      | Found a stormy altar of Qazlal.
  1232 | D:2      | You fall through a shaft for 2 floors!
  1235 | D:4      | Found a blossoming altar of Fedhas.
  1257 | D:4      | Noticed Eustachio
  1302 | D:4      | Killed Eustachio
  1302 | D:4      | Reached skill level 1 in Stealth
  1302 | D:4      | Reached skill level 1 in Invocations
  1302 | D:4      | Reached XP level 5. HP: 26/42 MP: 2/6
  1339 | D:4      | Noticed Menkaure
  1340 | D:4      | Noticed Danakh's ghost (amateur DsFi)
  1358 | D:4      | Killed Menkaure
  1358 | D:4      | Reached XP level 6. HP: 5/48 MP: 3/7
  1359 | D:4      | Found a staircase to the Ecumenical Temple.
  1362 | D:4      | Found a sand-covered staircase.
  1397 | Ossuary  | Entered an ossuary
  1397 | Ossuary  | Noticed a wraith
  1397 | Ossuary  | Noticed a wraith
  1397 | Ossuary  | Noticed a wraith
  1759 | Ossuary  | Noticed a wraith
  1775 | Ossuary  | HP: 2/48 [wraith (3)]
  1776 | Ossuary  | Slain by a wraith

Skill      XL: |  1  2  3  4  5  6 |
---------------+-------------------+-----
Axes           | 2 3 4 |  4.0
Shields        | 3 |  3.5
Armour         | 3 |  3.5
Stealth        | 1 |  1.8
Invocations    | 1 2 |  2.0
Fighting       | 4 |  4.0

Action                   |  1- 3 |  4- 6 || total
-------------------------+-------+-------++-------
Melee: War axe           |   131 |    81 ||   212
  Eat: Chunk             |     1 |     1 ||     2
       Bread ration      |       |     1 ||     1
Armor: Scale mail        |    75 |    17 ||    92
       Plate armour      |       |    14 ||    14
Dodge: Dodged            |    41 |    17 ||    58
Block: Shield            |    95 |    31 ||   126
